 Dungeon Crawl Stone Soup version 0.28.0 (webtiles) character file.

Game seed: 15496697768336015685

35 Strat the Sneak (level 3, 0/19 HPs)
             Began as a Tengu Enchanter on Feb 5, 2022.
             Succumbed to an adder's poison
             ... on level 2 of the Dungeon.
             The game lasted 00:01:49 (1496 turns).

Strat the Sneak (Tengu Enchanter)                   Turns: 1496, Time: 00:01:50

Health: 0/19       AC:  2    Str: 10    XL:     3   Next: 35%
Magic:  7/7        EV: 12    Int: 15    God:
Gold:   57         SH:  0    Dex: 14    Spells: 6/6 levels left

rFire   . . .      SeeInvis .   a - +1 dagger
rCold   . . .      Faith    .   (no shield)
rNeg    . . .      Spirit   .   b - +0 robe
rPois   .          Reflect  .   (helmet restricted)
rElec   .          Harm     .   (no cloak)
rCorr   .          Rampage  .   (no gloves)
Will    .....                   (boots unavailable)
Stlth   ++........              (no amulet)
HPRegen 0.06/turn               (no ring)
MPRegen 0.10/turn               (no ring)

@: lethally poisoned (0 -> -5)
A: beak, talons 3
a: no special abilities


You were on level 2 of the Dungeon.
You visited 1 branch of the dungeon, and saw 2 of its levels.

You collected 57 gold pieces.

Inventory:

Hand Weapons
 a - a +1 dagger (weapon)
 h - a +0 short sword
Missiles
 f - 42 stones (quivered)
Armour
 b - a +0 robe (worn)
Scrolls
 d - 3 scrolls of fog {unknown}
Potions
 c - a potion of invisibility
 e - 2 potions of curing {unknown}
 g - 2 potions of might {unknown}
 i - 2 potions of brilliance {unknown}


   Skills:
 + Level 2.5 Short Blades
 - Level 2.1 Dodging
 + Level 3.8 Stealth
 - Level 2.0 Spellcasting
 - Level 2.1 Hexes


You had 6 spell levels left.
You didn't know any spells.
Your spell library contained the following spells:

 Spells                   Type           Power      Damage    Failure   Level
 Ensorcelled Hibernation  Hex/Ice        8%         N/A       22%         2
 Confusing Touch          Hex            8%         N/A       26%         3
 Tukima's Dance           Hex            8%         N/A       26%         3
 Dazzling Flash           Conj/Hex       8%         N/A       38%         3
 Ozocubu's Armour         Ice            1%         N/A       54%         3
 Ozocubu's Refrigeration  Ice            0%         4d5       100%        7


Dungeon Overview and Level Annotations

Branches:
Dungeon (2/15)

Altars:

Shops:
D:1 (*[?


Innate Abilities, Weirdness & Mutations

You have a beak for a mouth.
You have claws for feet.


Message History

You closely miss the rat. Your kick misses the rat. The rat bites you.
* * * LOW HITPOINT WARNING * * *
You hit the rat but do no damage. Your kick misses the rat. The rat bites you.
* * * LOW HITPOINT WARNING * * *
You barely miss the rat. The rat bites you but does no damage.
You hit the rat but do no damage. The rat barely misses you.
You closely miss the rat. You hit the rat but do no damage. The rat bites you.
* * * LOW HITPOINT WARNING * * *
You closely miss the rat. Your kick misses the rat. The rat misses you.
You completely miss the rat. You claw the rat.
You kill the rat!
You barely miss the adder. Your peck misses the adder. The adder misses you.
You completely miss the adder. Your kick misses the adder.
Your peck misses the adder. The adder closely misses you.
You hit the adder. You claw the adder.
The adder is severely wounded.
The adder barely misses you.
You hit the adder. Your punch misses the adder.
The adder is almost dead.
The adder closely misses you. The adder misses you.
You closely miss the adder. Your peck misses the adder.
The adder is almost dead.
The adder misses you.
You closely miss the adder.
The adder is almost dead.
The adder misses you.
You hit the adder but do no damage.
The adder is almost dead.
The adder bites you.
* * * LOW HITPOINT WARNING * * *
You are lethally poisoned!
The adder poisons you!
You hit the adder. Your kick misses the adder.
The adder is almost dead.
* * * LOW HITPOINT WARNING * * *
You feel sick. The adder barely misses you.
You hit the adder.
The adder is almost dead.
You die...

#......###
#.####...##
#.###.###.# #.#...#
#.# ### #.#.#.###.#
... #.#.##...## ..#
#.......## ####.####
###..##.#####.......#
##.##...@Sg....# #
#.########.##.....
####.########.##.....
#....†..##...g.......
#.##.##.##....).#....
#.##.##.##.....## #.
#.#..##.##......
##.#.###.##.......
#........#########.


You could see an adder and a hobgoblin.

Vanquished Creatures
  An adder (D:2)
  2 dart slugs
  5 endoplasms
  A goblin (D:1)
  A hobgoblin (D:2)
  3 quokkas (D:1)
  2 bats
  2 frilled lizards (D:1)
  2 kobolds (D:1)
  3 rats
22 creatures vanquished.

Notes
Turn   | Place    | Note
-------+----------+-------------------------------------------
     0 | D:1      | Strat the Tengu Enchanter began the quest for the Orb.
     0 | D:1      | Reached XP level 1. HP: 10/10 MP: 4/4
    38 | D:1      | Found Tiwat's Magic Scroll Boutique.
   630 | D:1      | Found Roataumm's Antique Armour Shoppe.
   646 | D:1      | Reached XP level 2. HP: 15/15 MP: 6/6
   728 | D:1      | Found Fuydis's Antique Weapon Shoppe.
   924 | D:1      | Found Fyryd's Assorted Antiques.
  1338 | D:2      | Reached XP level 3. HP: 19/19 MP: 7/7
  1496 | D:2      | Succumbed to an adder's poison

Illustrated notes

Levels and vault maps discovered:
D:1:      lemuel_arrival_lava_pool, layout_basic, serial_shops,
          nicolae_shop_overgrown_old_shop, shop_statue,
          nicolae_shop_advertising_works [nicolae_subvault_shop_adworks], shop
D:2:      layout_loops_cross, minmay_pentomino_z2

Skill      XL: |  1  2 |
---------------+-------+-----
Short Blades   | 2 |  2.5
Dodging        | |  2.1
Stealth        | |  3.8
Spellcasting   | |  2.0
Hexes          | |  2.1

Action                   || total
-------------------------++-------
Melee: Dagger            ||    63
       Kick              ||    17
       Peck              ||     8
 Stab: Sleeping          ||     6
Armor: Robe              ||     7
Dodge: Dodged            ||    26
